 Dungeon Crawl Stone Soup version 0.29-a0-459-g97dee8cd24 (webtiles) character file.

Game seed: 5519426898776586958

6 spiderkeys the Skirmisher (level 1, 0/18 HPs)
             Began as a Mummy Abyssal Knight on May 20, 2022.
             Was a Believer of Lugonu.
             Slain by a goblin
             ... wielding a +0 dagger of electrocution
              (16 damage)
             ... on level 1 of the Dungeon.
             The game lasted 00:00:51 (412 turns).

spiderkeys the Skirmisher (Mummy Abyssal Knight)     Turns: 412, Time: 00:00:51

Health: 0/18       AC:  6    Str: 16    XL:     1   Next: 75%
Magic:  2/2        EV: 10    Int:  9    God:    Lugonu [**....]
Gold:   0          SH:  0    Dex: 12    Spells: 0/0 levels left

rFire   x . .      SeeInvis .   a - +1 spear
rCold   + . .      Faith    .   (no shield)
rNeg    + + +      Spirit   .   c - +0 ring mail
rPois   ∞          Reflect  .   (no helmet)
rElec   .          Harm     .   e - +0 cloak
rCorr   .          Rampage  .   (no gloves)
Will    .....                   (no boots)
Stlth   +.........              (no amulet)
HPRegen 0.06/turn               (no ring)
MPRegen 0.08/turn               (no ring)

@: no status effects
A: cold resistance 1, negative energy resistance 3, torment resistance 2, heat
vulnerability 1, no potions
a: Renounce Religion, Depart the Abyss, Bend Space


You were on level 1 of the Dungeon.
You worshipped Lugonu.
Lugonu was pleased with you.
You visited 1 branch of the dungeon, and saw 1 of its levels.
You visited the Abyss 1 time.


Innate Abilities, Weirdness & Mutations

You are immune to poison.
Your flesh is cold resistant. (rC+)
You are immune to negative energy. (rN+++)
You are immune to unholy pain and torment.
You are vulnerable to heat. (rF-)
You do not drink.


   Skills:
 + Level 3.1 Fighting
 + Level 1.7 Polearms
 + Level 1.7 Armour
 - Level 0.7 Dodging
 + Level 1.7 Invocations


You couldn't memorise any spells.
You didn't know any spells.
Your spell library was empty.

Inventory:

Hand Weapons
 a - a +1 spear (weapon)
Missiles
 d - 31 stones
Armour
 b - a +0 leather armour
 c - a +0 ring mail (worn)
   (You found it on level 1 of the Dungeon)
 e - a +0 cloak (worn)
   (You found it on level 1 of the Dungeon)

Dungeon Overview and Level Annotations

Branches:
Dungeon (1/15)

Altars:

#.........##### ##
##...........).. #.
................
#..............
#......>.......
#...........)..
#.......g......
#......@†.#
######'#.........#
#.#....####.# # ###
#.#.........#.# #..
#.#....####.#. #..
#.#?..... ... #..
#.#########.# #..
#.#########.#####..
#...)..............


You could see a goblin.


Message History

The bat hits you but does no damage.
You hit the bat. The bat barely misses you.
The bat hits you but does no damage.
You reach to attack!
You hit the bat.
You kill the bat!
Lugonu accepts your kill.
No target in view!
No target in view!
No target in view!
No target in view!
You open the door.
There is an open door here.
An endoplasm comes into view.
The endoplasm quivers.
An endoplasm is nearby!
You hit the endoplasm but do no damage.
The endoplasm hits you but does no damage.
You hit the endoplasm.
The endoplasm hits you but does no damage.
You barely miss the endoplasm. The endoplasm barely misses you.
You barely miss the endoplasm. The endoplasm freezes you.
You are frozen.
You resist. 😕 HP[-2]
You take 2 damage, and now have 16/18 hp.
You hit the endoplasm but do no damage. The endoplasm freezes you.
You are frozen.
You resist. 😕 HP[-1]
You take 1 damage, and now have 15/18 hp.
You hit the endoplasm. The endoplasm freezes you.
You are frozen.
You resist. 😕 HP[-1]
You take 1 damage, and now have 14/18 hp.
You hit the endoplasm. The endoplasm freezes you.
You are frozen.
You resist. 😮 HP[-1]
You take 1 damage, and now have 13/18 hp.
You are too injured to fight recklessly!
You are too injured to fight recklessly!
You are too injured to fight recklessly!
You barely miss the endoplasm. The endoplasm freezes you.
You are frozen.
You resist.
You hit the endoplasm but do no damage. The endoplasm freezes you.
You are frozen.
You resist. 😮 HP[-2]
You take 2 damage, and now have 11/18 hp.
You hit the endoplasm. The endoplasm freezes you.
You are frozen.
You resist. 😮 HP[-1]
You take 1 damage, and now have 10/18 hp.
You hit the endoplasm but do no damage. The endoplasm closely misses you.
You hit the endoplasm.
You kill the endoplasm!
Lugonu accepts your kill.
Unknown command.
A kobold comes into view. It is wielding a +0 short sword.
The kobold shouts! 😎 HP[+8]
Your hp is fully restored (18).
You reach to attack!
You hit the kobold.
You kill the kobold!
Lugonu accepts your kill.
No target in view!
No target in view!
No target in view!
No target in view!
Things that are here:
a +0 short sword; a kobold corpse
e - a +0 cloak You start putting on your armour.
You continue putting on your +0 cloak. x4
You finish putting on your +0 cloak.
No target in view!
You open the door.
Found an escape hatch in the floor.
A goblin and a giant cockroach come into view.
The goblin is wielding a +0 dagger of electrocution.
The goblin shouts!
There is an open door here.
There are monsters nearby!
There are monsters nearby!
You reach to attack!
You hit the giant cockroach. You closely miss the giant cockroach.
The giant cockroach barely misses you. x2
You hit the giant cockroach but do no damage.
The giant cockroach bites you but does no damage.
You hit the giant cockroach.
The giant cockroach bites you but does no damage.
The goblin barely misses you.
You hit the giant cockroach.
You kill the giant cockroach!
Lugonu accepts your kill.
The goblin hits you with a +0 dagger of electrocution.
You are electrocuted!
Ouch! That really hurt!
You die...

Action                   || total
-------------------------++-------
Melee: Spear             ||    28
Armor: Ring mail         ||     6
Dodge: Dodged            ||     8

Levels and vault maps discovered:
D:1:      scummos_arrival_star, layout_basic

Notes
Turn   | Place    | Note
-------+----------+-------------------------------------------
     0 | Abyss:1  | spiderkeys the Mummy Abyssal Knight began the quest for the
                  | Orb.
     0 | Abyss:1  | Reached XP level 1. HP: 18/18 MP: 2/2
     0 | Abyss:1  | magus.rc [v1.11.3]
    21 | D:1      | You pass through the gate.
    21 | D:1      | Escaped the Abyss
   412 | D:1      | Slain by a goblin

Vanquished Creatures
  An endoplasm (D:1)
  A giant cockroach (D:1)
  A hobgoblin (D:1)
  A ball python (D:1)
  2 bats (D:1)
  A frilled lizard (D:1)
  A kobold (D:1)
8 creatures vanquished.

Table legend:
 A = Non-vault XP
 B = Vault XP
 C = Vault XP percentage of total XP
 D = Non-vault monster count
 E = Vault monster count
 F = Vault count percentage of total count
                 A         B        C        D         E       F
            +---------+---------+-------+---------+---------+-------
      Total |      11 |       0 |   0.0 |       8 |       0 |   0.0
            +---------+---------+-------+---------+---------+-------
        D:1 |      11 |       0 |   0.0 |       8 |       0 |   0.0
            +---------+---------+-------+---------+---------+-------

Illustrated notes

Table legend:
 A = Kills in this place as a percentage of kills in entire the game.
 B = Kills by you in this place as a percentage of kills by you in the entire game.
 C = Kills by friends in this place as a percentage of kills by friends in the entire game.
 D = Other kills in this place as a percentage of other kills in the entire game.
 E = Experience gained in this place as a percentage of experience gained in the entire game.
 F = Experience gained in this place divided by the number of levels of this place that you have seen.
                   A       B       C       D       E      F
               +-------+-------+-------+-------+-------+----------------------
         Total | 100.0 | 100.0 |   N/A |   N/A | 100.0 |   5.5
       Dungeon | 100.0 | 100.0 |   N/A |   N/A | 100.0 |  11.0
               +-------+-------+-------+-------+-------+----------------------

Table legend: (Time is in decaauts)
 A = Elapsed time spent in this place.
 B = Non-inter-level travel time spent in this place.
 C = Inter-level travel time spent in this place.
 D = Time resting spent in this place.
 E = Time spent auto-exploring this place.
 F = Levels seen in this place.
 G = Mean time per level.
                   A        B        C        D        E       F      G
               +--------+--------+--------+--------+--------+-----+--------+
         Total |    412 |    412 |      0 |      0 |    320 |   2 |  206.0 |
       Dungeon |    391 |    391 |      0 |      0 |    320 |   1 |  391.0 |
         Abyss |     21 |     21 |      0 |      0 |      0 |   1 |   21.0 |
               +--------+--------+--------+--------+--------+-----+--------+

Top non-repeatable levels by time:
     D:1: 391 daAuts
 Abyss:1: 21 daAuts
